 Dungeon Crawl Stone Soup version 0.26-a0-40-gfe7b5d5 (webtiles) character file.

Game seed: 14816869767963474010, levelgen mode: deterministic

79 Ayyar the Skirmisher (level 4, -2/37 HPs)
             Began as a Formicid Abyssal Knight on May 31, 2020.
             Was a Follower of Lugonu.
             Slain by an iguana (11 damage)
             ... on level 4 of the Dungeon.
             The game lasted 00:11:35 (1940 turns).

Ayyar the Skirmisher (Formicid Abyssal Knight)      Turns: 1940, Time: 00:11:36

Health: -2/37      AC:  5    Str: 18    XL:     4   Next: 64%
Magic:  6/6        EV: 11    Int: 11    God:    Lugonu [*.....]
Gold:   91         SH:  0    Dex: 10    Spells: 3/3 levels left

rFire    . . .     SeeInvis +   a - +1 spear
rCold    . . .     Gourm    .   (no shield)
rNeg     . . .     Faith    .   i - +0 ring mail
rPois    .         Spirit   .   (helmet unavailable)
rElec    .         Reflect  .   (no cloak)
rCorr    .         Harm     .   (no gloves)
MR       .....                  (no boots)
Stlth    ..........             (no amulet)
HPRegen  0.12/turn              (no ring)
MPRegen  0.10/turn              (no ring)

@: lightly drained
A: permanent stasis, dig shafts and tunnels, four strong arms, antennae 3
a: Dig, Shaft Self, Depart the Abyss, Renounce Religion


You were on level 4 of the Dungeon.
You worshipped Lugonu.
Lugonu was aware of your devotion.
You were hungry.

You visited 1 branch of the dungeon, and saw 3 of its levels.
You visited the Abyss 1 time.

You collected 91 gold pieces.

Inventory:

Hand Weapons
 a - a +1 spear (weapon)
Armour
 i - a +0 ring mail (worn)
Scrolls
 b - a scroll of identify {unknown}
 e - a scroll of enchant armour {unknown}
 f - a scroll of random uselessness {unknown}
 g - a scroll of amnesia {unknown}
 j - a scroll of teleportation {unknown}
Potions
 d - a potion of stabbing {unknown}
Comestibles
 c - 4 rations
 h - 6 chunks of flesh


   Skills:
 + Level 3.7(3.2) Fighting
 * Level 2.8(2.4) Polearms
 + Level 0.8(0.4) Throwing
 + Level 2.7(2.2) Armour
 + Level 1.7(1.3) Dodging
 + Level 2.8(2.4) Invocations


You had 3 spell levels left.
You didn't know any spells.
Your spell library was empty.

Dungeon Overview and Level Annotations

Branches:
Dungeon (2/15)

Altars:
Trog


Innate Abilities, Weirdness & Mutations

You cannot be hasted, slowed, berserked, paralysed or teleported.
You can dig through walls and to a lower floor.
Your four strong arms can wield two-handed weapons with a shield.
You have a pair of large antennae on your head. (SInv)


Message History

The iguana is moderately wounded.
The iguana bites you.
You hit the iguana.
The iguana is severely wounded.
The iguana bites you but does no damage.
You barely miss the iguana.
The iguana is severely wounded.
The iguana barely misses you.
You closely miss the iguana.
The iguana is severely wounded.
The iguana barely misses you.
You barely miss the iguana.
The iguana is severely wounded.
The iguana bites you.
You hit the iguana but do no damage.
The iguana is severely wounded.
The iguana bites you!
* * * LOW HITPOINT WARNING * * *
The iguana bites you!
You die...

# ###.######
.........######.
#.............
....####@#######
. #l#
#..............
#..####.######.
#.# #.# ..# ..#
#.#


You could see an iguana.

Vanquished Creatures
  An adder (D:1)
  2 oozes
  A worm (D:1)
  2 dart slugs (D:1)
  6 bats
  5 giant cockroaches
  4 goblins
  6 hobgoblins
  7 jackals
  8 kobolds
  3 frilled lizards
  7 rats (D:1)
52 creatures vanquished.

Notes
Turn   | Place    | Note
-------+----------+-------------------------------------------
     0 | Abyss:1  | Ayyar the Formicid Abyssal Knight began the quest for the
                  | Orb.
     0 | Abyss:1  | Reached XP level 1. HP: 18/18 MP: 2/2
    76 | Abyss:1  | Noticed a crimson imp
    76 | Abyss:1  | Noticed a crimson imp
    85 | D:1      | Escaped the Abyss
   284 | D:1      | Reached skill level 1 in Dodging
   319 | D:1      | Reached XP level 2. HP: 24/24 MP: 3/3
   521 | D:1      | Reached * piety under Lugonu
   559 | D:1      | Reached XP level 3. HP: 23/29 MP: 4/4
  1234 | D:1      | Reached XP level 4. HP: 21/36 MP: 6/6
  1874 | D:2      | Found a bloodstained altar of Trog.
  1922 | D:2      | You fall into a shaft and drop 2 floors!
  1940 | D:4      | Slain by an iguana

Illustrated notes

Levels and vault maps discovered:
D:1:      lemuel_arrival_broad_hall, layout_basic, hangedman_decor_points,
          minmay_misc_feat_doors
D:2:      layout_rooms, marbit_many_paths, gammafunk_temple_overflow_arena,
          chequers_temple_overflow_minitemple, minivault_24
D:4:      layout_loops_ring, gup_sewer_entry_pipe, first_ration, uniq_ijyb

Skill      XL: |  1 |
---------------+----+-----
Dodging        | 1 |  1.7
Fighting       | |  3.7
Polearms       | |  2.8
Throwing       | |  0.8
Armour         | |  2.7
Invocations    | |  2.8

Action                   |  1- 3 |  4- 6 || total
-------------------------+-------+-------++-------
Melee: Spear             |   123 |    93 ||   216
Invok: Depart the Abyss  |     1 |       ||     1
  Eat: Chunk             |     1 |     2 ||     3
Armor: Leather armour    |    27 |    15 ||    42
       Ring mail         |       |    13 ||    13
Dodge: Dodged            |    60 |    41 ||   101

Table legend:
 A = Non-vault XP
 B = Vault XP
 C = Vault XP percentage of total XP
 D = Non-vault monster count
 E = Vault monster count
 F = Vault count percentage of total count
                 A         B        C        D         E       F
            +---------+---------+-------+---------+---------+-------
      Total |     112 |       2 |   1.8 |      51 |       1 |   1.9
            +---------+---------+-------+---------+---------+-------
        D:1 |      84 |       0 |   0.0 |      37 |       0 |   0.0
        D:2 |      28 |       2 |   6.7 |      14 |       1 |   6.7
            +---------+---------+-------+---------+---------+-------
